 Dungeon Crawl Stone Soup version 0.23.0-42-geed6394 (webtiles) character file.

Game seed: 4402567357503956477

6777 HEYYEYAAE the Quickloader (level 11, -5/80 HPs)
             Began as an Octopode Hunter on Feb 28, 2019.
             Was an Elder of Okawaru.
             Slain by a seven-headed hydra (16 damage)
             ... on level 9 of the Dungeon.
             The game lasted 00:11:39 (10718 turns).

HEYYEYAAE the Quickloader (Octopode Hunter)        Turns: 10718, Time: 00:11:39

Health: -5/80      AC:  1    Str: 11    XL:     11   Next: 4%
Magic:  20/20      EV: 20    Int: 17    God:    Okawaru [****..]
Gold:   584        SH:  0    Dex: 16    Spells: 10/10 levels left

rFire    . . .     SeeInvis .   I - +6 hand crossbow of the Vase {flame, rPois MP+9}
rCold    . . .     Gourm    .   (no shield)
rNeg     . . .     Faith    .   (helmet restricted)
rPois    +         Spirit   .   m - amulet of the acrobat
rElec    .         Reflect  .   f - +3 ring of intelligence
rCorr    +         Harm     .   u - ring of protection from magic
MR       +....                  w - ring of wizardry
Stlth    +++++.....             F - ring of resist corrosion
HPRegen  0.23/turn              (no ring)
MPRegen  0.17/turn              (no ring)
                                (no ring)
                                (no ring)

@: hasted, very quick
A: almost no armour, stealthy swim, amphibious, 8 rings, constrict 8, camouflage
1, gelatinous body 1
a: Heroism, Renounce Religion


You were on level 9 of the Dungeon.
You worshipped Okawaru.
Okawaru was greatly pleased with you.
You were hungry.

You visited 2 branches of the dungeon, and saw 10 of its levels.
You also visited: Ossuary.

You collected 584 gold pieces.

Inventory:

Hand Weapons
 a - a +1 hand crossbow
 b - a +1 short sword of draining
 H - a cursed +0 dagger
 I - the +6 hand crossbow of the Vase (weapon) {flame, rPois MP+9}
   (You found it on level 8 of the Dungeon)

   It causes projectiles fired from it to burn those they strike, causing extra
   injury to most foes and up to half again as much damage against particularly
   susceptible opponents.
   It protects you from poison.
   It affects your magic capacity (+9).
Missiles
 c - 34 bolts (quivered)
Jewellery
 f - a +3 ring of intelligence (left tentacle)
 m - an amulet of the acrobat (around mantle)
 u - a ring of protection from magic (right tentacle)
 w - a ring of wizardry (on tentacle)
 y - the amulet of Vitality {Regen+ HP+15}
   (You found it on level 9 of the Dungeon)

   [amulet of regeneration]

   It affects your health (+15).
   It increases your rate of regeneration.
 F - a ring of resist corrosion (on tentacle)
 J - an uncursed ring of ice {unknown}
 L - an uncursed ring of see invisible {unknown}
Wands
 t - a wand of random effects (6)
Scrolls
 e - 8 scrolls of remove curse
 g - 6 scrolls of random uselessness
 h - 2 scrolls of fog {unknown}
 i - 5 scrolls of magic mapping
 j - 4 scrolls of teleportation {unknown}
 l - 3 scrolls of fear {unknown}
 s - 2 scrolls of identify
 v - 2 scrolls of blinking {unknown}
 z - 4 scrolls of enchant weapon {unknown}
 A - 8 scrolls of immolation {unknown}
 C - 2 scrolls of noise {unknown}
 G - a scroll of amnesia {unknown}
 K - a scroll of vulnerability {unknown}
 N - a scroll of silence {unknown}
Potions
 k - 4 potions of curing
 n - a potion of resistance
 o - 2 potions of haste
 p - 3 potions of cancellation
 q - 2 potions of flight
 r - 2 potions of lignification
 x - 3 potions of agility {unknown}
 B - 8 potions of degeneration {unknown}
 D - a potion of brilliance {unknown}
 E - a potion of might {unknown}
Miscellaneous
 M - a fan of gales (inert)
Comestibles
 d - 17 rations


   Skills:
 * Level 9.1 Fighting
 * Level 9.7 Crossbows
 * Level 9.1 Dodging
 + Level 9.2 Stealth


You had 10 spell levels left.
You didn't know any spells.
Your spell library contained the following spells:

 Spells                   Type           Power        Failure   Level  Hunger
 Animate Skeleton         Necr           N/A          10%         1    ##.....
 Pain                     Necr           #...         10%         1    ##.....
 Sandblast                Erth           #.....       10%         1    ##.....
 Sting                    Conj/Pois      #...         10%         1    ##.....
 Passwall                 Tmut/Erth      #.......     14%         2    ###....
 Poisonous Vapours        Pois/Air       #.....       14%         2    ###....
 Mephitic Cloud           Conj/Pois/Air  #.......     26%         3    ####...
 Regeneration             Chrm/Necr      #.........   26%         3    ####...
 Stone Arrow              Conj/Erth      #.....       26%         3    ####...
 Vampiric Draining        Necr           #.........   26%         3    ####...
 Animate Dead             Necr           N/A          65%         4    #####..
 Leda's Liquefaction      Hex/Erth       #.........   65%         4    #####..
 Olgreb's Toxic Radiance  Pois           #.......     65%         4    #####..
 Petrify                  Tmut/Erth      #.......     65%         4    #####..
 Bolt of Magma            Conj/Fire/Erth #.........   92%         5    ######.
 Lee's Rapid Deconstruct  Erth           #.........   92%         5    ######.
 Venom Bolt               Conj/Pois      #.........   92%         5    ######.
 Iron Shot                Conj/Erth      #.........   100%        6    #######
 Statue Form              Tmut/Erth      #........    100%        6    #######
 Shatter                  Erth           #.........   100%        9    #######


Dungeon Overview and Level Annotations

Branches:
Dungeon (9/15)             Temple (1/1) D:6            Lair (0/6) D:9
    Orc: D:9-12

Altars:
Ashenzari
Cheibriados
Dithmenos
Elyvilon
Fedhas
Gozag
Hepliaklqana
Kikubaaqudgha
Makhleb
Nemelex Xobeh
Okawaru
Qazlal
Ru
Sif Muna
Trog
Uskayaw
Vehumet
Wu Jian
Xom
Yredelemnul
Zin
The Shining One

Shops:
D:9 [

Annotations:
D:8 3 runed translucent doors, OwlQaeda's ghost, novice FoTm


Innate Abilities, Weirdness & Mutations

You cannot wear most types of armour.
You are very stealthy in the water. (Stealth+)
You are amphibious.
You can wear up to eight rings at the same time.
You can use your tentacles to constrict eight enemies at once.
Your skin changes colour to match your surroundings (Stealth+).
Your rubbery body absorbs attacks. (AC +1, EV +1)


Message History

You shoot a bolt. The bolt hits the seven-headed hydra!
The bolt burns the seven-headed hydra.
The seven-headed hydra is heavily wounded.
Evoke which item? (* to show all) (? for menu, Esc to quit)
Okay, then.
Evoke which item? (* to show all) (? for menu, Esc to quit)
A fierce wind blows from the fan.
The seven-headed hydra bites you! x2
The seven-headed hydra barely misses you. x2
The seven-headed hydra bites you!
* * * LOW HITPOINT WARNING * * *
The seven-headed hydra misses you. The seven-headed hydra bites you!
* * * LOW HITPOINT WARNING * * *
Okay, then.
Okay, then.
You feel yourself speed up.
The seven-headed hydra closely misses you.
The seven-headed hydra bites you!
* * * LOW HITPOINT WARNING * * *
The seven-headed hydra bites you!
You die...

############## #.............
#..######'#...
####################..#......#+##
......................+..........
....>...............[.#..........
......#####..###@###..#..........
......# #..D..#..#..........
....).# #..(..#..######'####
##+#..# #..(..#............. #..#
#.....#.......######
#..#####..#..(..#.[.....#.....
#.........#..(..#.......#.....
#.).......#.((..#.......#.....
####.#######. ####.......#.....


You could see a seven-headed hydra.

Vanquished Creatures
  2 two-headed ogres (D:9)
  A manticore (D:9)
  A cyclops (D:9)
  A centaur skeleton (D:9)
  2 trolls (D:9)
  Prince Ribbit (D:9)
  A hippogriff (D:7)
  Sigmund (D:4)
  Menkaure (D:4)
  A black bear (D:9)
  3 ice beasts
  2 sky beasts
  A necrophage (D:9)
  A centaur (D:9)
  6 ogres
  Blork the orc (D:5)
  4 bullfrogs
  2 scorpions
  7 wights (D:9)
  3 killer bees (D:7)
  2 crimson imps
  A human zombie (Ossuary)
  2 bullfrog zombies
  2 centaur zombies (Ossuary)
  6 hounds
  6 orc priests
  3 jellies
  A bullfrog skeleton (D:8)
  9 orc wizards
  2 worker ants
  A big kobold zombie (Ossuary)
  4 mummies (Ossuary)
  A gnoll (D:1)
  7 adders
  4 shadow imps
  7 oozes
  An adder skeleton (D:9)
  5 worms
  2 dart slugs
  4 leopard geckos
  15 orcs
  4 ball pythons
  7 bats
  6 giant cockroaches
  6 goblins
  10 hobgoblins
  5 jackals
  3 kobolds
  3 quokkas
  A frilled lizard (D:3)
  A gnoll zombie (Ossuary)
  A goblin zombie (Ossuary)
  2 kobold zombies (Ossuary)
  A leopard gecko zombie (D:5)
  2 quokka skeletons
  9 rats
  2 rat zombies (D:7)
190 creatures vanquished.

Vanquished Creatures (others)
  A bat (D:2)
  A rat (D:2)
2 creatures vanquished.

Grand Total: 192 creatures vanquished

Notes
Turn   | Place    | Note
-------+----------+-------------------------------------------
     0 | D:1      | HEYYEYAAE the Octopode Hunter began the quest for the Orb.
     0 | D:1      | Reached XP level 1. HP: 14/14 MP: 1/1
    44 | D:1      | Reached XP level 2. HP: 17/19 MP: 2/2
   261 | D:1      | Reached XP level 3. HP: 23/25 MP: 3/3
   880 | D:2      | Reached XP level 4. HP: 30/30 MP: 4/4
   885 | D:2      | Found a radiant altar of Vehumet.
  1245 | D:2      | You fall through a shaft for 2 floors!
  1281 | D:4      | Noticed Sigmund
  1296 | D:4      | Killed Sigmund
  1296 | D:4      | Reached skill level 5 in Crossbows
  1296 | D:4      | Reached XP level 5. HP: 24/36 MP: 5/5
  1296 | D:4      | Reached XP level 6. HP: 28/42 MP: 6/6
  1461 | D:3      | Found a faded altar of an unknown god.
  2772 | D:4      | Reached XP level 7. HP: 48/48 MP: 7/7
  3030 | D:4      | Noticed Menkaure
  3038 | D:4      | Killed Menkaure
  3646 | D:5      | Entered Level 5 of the Dungeon
  3650 | D:5      | Noticed Blork the orc
  3811 | D:4      | HP: 2/49 [orc/+0 club (7)]
  4263 | D:5      | Reached skill level 5 in Dodging
  4318 | D:5      | Reached skill level 5 in Fighting
  4318 | D:5      | Reached skill level 5 in Stealth
  4318 | D:5      | Reached XP level 8. HP: 11/55 MP: 8/8
  4757 | D:5      | Killed Blork the orc
  5195 | D:6      | Found a staircase to the Ecumenical Temple.
  5209 | Temple   | Entered the Ecumenical Temple
  5478 | Temple   | Became a worshipper of Warmaster Okawaru
  6601 | D:7      | Found a sand-covered staircase.
  6610 | Ossuary  | Entered an ossuary
  7220 | D:7      | Noticed a hippogriff
  7238 | D:7      | Killed a hippogriff
  7238 | D:7      | Reached XP level 9. HP: 39/62 MP: 9/9
  8099 | D:7      | Reached * piety under Okawaru
  9079 | D:8      | Found a runed translucent gate.
  9083 | D:8      | Found a runed translucent gate.
  9083 | D:8      | Found a runed translucent gate.
  9084 | D:8      | Noticed OwlQaeda's ghost (novice FoTm)
  9401 | D:8      | Got a twisted hand crossbow
  9402 | D:8      | Identified the +6 hand crossbow of the Vase {flame, rPois
                  | MP+9} (You found it on level 8 of the Dungeon)
  9433 | D:9      | Noticed a two-headed ogre
  9446 | D:9      | Killed a two-headed ogre
  9446 | D:9      | Reached ** piety under Okawaru
  9446 | D:9      | Reached XP level 10. HP: 65/72 MP: 10/10
  9751 | D:9      | Reached *** piety under Okawaru
  9815 | D:9      | Noticed a seven-headed hydra
  9816 | D:9      | Noticed a cyclops
 10085 | D:9      | Noticed Prince Ribbit
 10092 | D:9      | Found Foghei's Antique Armour Boutique.
 10168 | D:9      | Found a staircase to the Lair.
 10196 | D:9      | Noticed a manticore
 10201 | D:9      | Killed a manticore
 10286 | D:9      | Noticed a two-headed ogre
 10289 | D:9      | Killed a two-headed ogre
 10289 | D:9      | Reached **** piety under Okawaru
 10455 | D:9      | Found the amulet of Vitality {Regen+ HP+15}
 10499 | D:9      | Noticed a cyclops
 10507 | D:9      | Killed a cyclops
 10507 | D:9      | Reached XP level 11. HP: 80/80 MP: 11/11
 10513 | D:9      | Killed Prince Ribbit
 10718 | D:9      | Slain by a seven-headed hydra

Skill      XL: |  1  2  3  4  5  6  7  8  9 10 |
---------------+-------------------------------+-----
Stealth        | 2 3 4 5 6 7 9 |  9.2
Fighting       | 3 4 5 6 7 9 |  9.1
Crossbows      | 5 6 7 8 9 |  9.7
Dodging        | 3 4 5 6 7 9 |  9.1

Action                   |  1- 3 |  4- 6 |  7- 9 | 10-12 || total
-------------------------+-------+-------+-------+-------++-------
Melee: Short sword       |    50 |    88 |   276 |       ||   414
       Tentacles         |    13 |    11 |    56 |       ||    80
       Constrict         |     7 |    25 |    45 |       ||    77
 Fire: Hand crossbow     |       |       |    31 |   118 ||   149
Invok: Heroism           |       |       |       |     1 ||     1
Evoke: Wand              |       |       |    12 |     2 ||    14
       Fan of gales      |       |       |       |     1 ||     1
  Use: Potion            |       |     3 |     4 |     1 ||     8
       Scroll            |       |       |     9 |       ||     9
 Stab: Sleeping          |    13 |     8 |    20 |       ||    41
       Distracted        |       |       |     1 |       ||     1
  Eat: Chunk             |       |     5 |     4 |     4 ||    13
       Ration            |       |       |     5 |       ||     5
Armor: Skin              |     4 |     7 |    18 |     2 ||    31
Dodge: Dodged            |    19 |    80 |   223 |    22 ||   344
